 Dungeon Crawl Stone Soup version 0.27.0-1-g7a089689b8 (webtiles) character file.

Game seed: 411005771552596272

17485 makewrite the Severer (level 12, -4/113 HPs)
             Began as a Hill Orc Monk on Aug 15, 2021.
             Was an Elder of Beogh.
             Hit by a large rock thrown by a cyclops (32 damage)
             ... on level 9 of the Dungeon.
             The game lasted 00:31:38 (17245 turns).

makewrite the Severer (Hill Orc Monk)              Turns: 17245, Time: 00:31:39

Health: -4/113     AC: 17    Str: 19    XL:     12   Next: 48%
Magic:  12/12      EV:  7    Int: 10    God:    Beogh [****..]
Gold:   589        SH:  0    Dex: 13    Spells: 11/11 levels left

rFire    + . .     SeeInvis .   a - +4 war axe (vorpal)
rCold    . . .     Faith    .   (no shield)
rNeg     . . .     Spirit   .   C - +0 plate armour
rPois    +         Reflect  .   (no helmet)
rElec    .         Harm     .   (no cloak)
rCorr    .         Rampage  .   (no gloves)
Will     .....                  F - +1 pair of boots
Stlth    ..........             (no amulet)
HPRegen  0.28/turn              e - ring of poison resistance
MPRegen  0.13/turn              y - ring of protection from fire

@: studying Staves
A: no striking features
a: Renounce Religion, Smiting, Recall Orcish Followers


You were on level 9 of the Dungeon.
You worshipped Beogh.
Beogh was greatly pleased with you.
You visited 2 branches of the dungeon, and saw 13 of its levels.

You collected 589 gold pieces.

Inventory:

Hand Weapons
 a - a +4 vorpal war axe (weapon)
 b - a +4 morningstar
 j - the +8 mithril axe "Arga" {speed, Will+}
   (You acquired it on level 9 of the Dungeon)

   Attacks with this weapon are significantly faster.
   Will:      It increases your willpower.
 p - a +2 flail of venom
Missiles
 n - 7 curare-tipped darts
 v - 5 javelins
 A - 27 poisoned darts
Armour
 C - a +0 plate armour (worn)
 E - a +0 chain mail
 F - a +1 pair of boots (worn)
Jewellery
 c - a +4 ring of protection
 e - a ring of poison resistance (left hand)
 o - a +4 ring of protection
 r - a ring of ice
 t - a ring of fire
 u - a +4 ring of evasion
 y - a ring of protection from fire (right hand)
Wands
 s - a wand of flame (7)
 w - a wand of mindburst (14) (quivered)
 I - a wand of paralysis (9)
Scrolls
 d - a scroll of holy word
 g - a scroll of fear
 i - 5 scrolls of teleportation
 m - 4 scrolls of blinking
 q - 3 scrolls of fog
 B - a scroll of enchant weapon
Potions
 f - 4 potions of cancellation
 h - 2 potions of brilliance
 k - 3 potions of curing
 l - a potion of magic
 x - a potion of flight {unknown}
 z - 2 potions of might
 G - a potion of resistance {unknown}
 H - a potion of mutation


   Skills:
 + Level 12.3 Fighting
 * Level 17.6 Axes
 + Level 10.9 Armour
 - Level 2.4 Dodging
 - Level 1.5 Stealth


You had 11 spell levels left.
You didn't know any spells.
Your spell library contained the following spells:

 Spells                   Type           Power      Damage    Failure   Level
 Animate Skeleton         Necr           0%         N/A       100%        1
 Pain                     Necr           0%         1d4       100%        1
 Summon Small Mammal      Summ           0%         N/A       100%        1
 Call Canine Familiar     Summ           0%         N/A       100%        3
 Gell's Gravitas          Tloc           0%         N/A       100%        3
 Stone Arrow              Conj/Erth      0%         3d7       100%        3
 Summon Guardian Golem    Hex/Summ       0%         N/A       100%        3
 Teleport Other           Tloc           0%         N/A       100%        3
 Vampiric Draining        Necr           0%         2d6       100%        3
 Leda's Liquefaction      Hex/Erth       0%         N/A       100%        4
 Bolt of Magma            Conj/Fire/Erth 0%         4d4       100%        5
 Conjure Ball Lightning   Conj/Air       0%         3x3d6     100%        6
 Dispersal                Tloc           0%         N/A       100%        6
 Statue Form              Tmut/Erth      0%         N/A       100%        6
 Orb of Destruction       Conj           0%         N/A       100%        7
 Spellforged Servitor     Conj/Summ      0%         N/A       100%        7
 Maxwell's Capacitive Co  Air            0%         ∞         100%        8


Dungeon Overview and Level Annotations

Branches:
Dungeon (9/15)             Temple (0/1) D:4            Lair (4/6) D:8
  Snake (0/4) Lair:4
  Swamp: Lair:2-4    Shoals: Lair:2-4       Orc: D:9-12

Altars:
Ashenzari
Cheibriados
Gozag
Hepliaklqana
Kikubaaqudgha
Nemelex Xobeh
Okawaru
Ru
Sif Muna
Wu Jian
Xom
Yredelemnul


Message History

Your orc warrior hits the ice dragon but does no damage.
Unknown command.
You hit the ice dragon.
The ice dragon is almost dead.
Your orc warrior hits the ice dragon but does no damage.
The ice dragon bites your orc warrior. The ice dragon claws your orc warrior.
The ice dragon tramples your orc warrior!
Your orc warrior stumbles backwards!
Unknown command.
Your orc warrior hits the ice dragon with a +0 short sword!
The ice dragon dies!
Beogh accepts your kill.
The ice dragon's shape twists and changes as it dies.
Your orc warrior looks more experienced.
Unknown command.
You start resting.
A cyclops is nearby!
A cyclops is nearby!
Unknown command.
A cyclops is nearby!
You swap places.
The cyclops throws a large rock.
The large rock hits you!!!
* * * LOW HITPOINT WARNING * * *
You swap places.
Unknown command.
You feel much better.
The cyclops throws a large rock.
The large rock barely misses your orc warrior.
The large rock hits you!
* * * LOW HITPOINT WARNING * * *
Unknown command.
You feel better.
Unknown command.
You swap places.
You see here a +0 hand axe.
Unknown command.
You are too injured to fight recklessly!
Unknown command.
You are too injured to fight recklessly!
Unknown command.
The cyclops throws a large rock.
The large rock hits you!!
You die...

#.## #.C# ......... ...
... #######'# ####.####..
#....# #.......#.#
#####.#### #.......#.#
#........# ..#.......#C#
#...)....# ......8....†#
#...))(..#
..#.....o)#.####.......[#
#.....@o#.'.##.....[)([
#.......#.#..#.......[#
####.####.##..........#
... ..####........# ###.
.### #........# #. ..
#####.#### ## #.# #.# #..


You could see a cyclops and 2 friendly orc warriors.

Vanquished Creatures
  A hydra (D:9)
  A boulder beetle (D:9)
  The ghost of lawnmower the Cleaver, a novice HOMo of Makhleb (D:6)
  The ghost of NikiYani the Thaumaturge, a novice DEFE of Vehumet (D:7)
  An ugly thing (D:9)
  A manticore (D:9)
  An elephant (Lair:1)
  2 black mambas
  A cane toad (Lair:4)
  Psyche (D:8)
  2 kobold demonologists (D:9)
  A rime drake (Lair:4)
  2 komodo dragons
  A hornet (D:6)
  3 blink frogs (Lair:3)
  2 slime creatures (D:9)
  A meliai zombie (D:6)
  16 yaks
  5 water moccasins
  A sky beast (D:6)
  A hornet zombie (D:6)
  A black bear (D:4)
  An ice beast (D:5)
  3 ogres
  A necrophage (D:5)
  A centaur (D:6)
  2 phantoms (D:5)
  2 kobold brigands (D:9)
  3 bullfrogs
  2 wyvern zombies
  A scorpion (D:7)
  A wyvern skeleton (D:7)
  A water moccasin zombie (D:5)
  6 killer bees
  9 wights
  5 howler monkeys
  3 centaur zombies
  A bullfrog zombie (D:7)
  3 hounds
  2 bullfrog skeletons (D:5)
  3 jellies (D:7)
  A centaur skeleton (D:4)
  3 iguanas
  Ijyb (D:5)
  3 orc wizards (D:5)
  A killer bee zombie (D:6)
  A hound skeleton (D:4)
  A howler monkey zombie (D:9)
  4 adders
  4 gnolls
  A howler monkey skeleton (D:5)
  A river rat (D:4)
  2 shadow imps
  2 white imps
  An ufetubus (D:5)
  3 worms
  3 dart slugs
  10 orcs
  5 endoplasms
  4 giant cockroaches
  5 goblins
  4 hobgoblins
  7 jackals
  4 quokkas (D:4)
  10 ball pythons
  5 bats
  3 frilled lizards
  17 kobolds
  4 rats
207 creatures vanquished.

Vanquished Creatures (collateral kills)
  A fire dragon (D:9)
  An ice dragon (shapeshifter) (D:9)
  A boulder beetle (D:9)
  A cyclops (D:9)
  2 oklob plants (Lair:1)
  A black mamba (Lair:2)
  A gargoyle (D:8)
  2 cane toads (Lair:1)
  2 komodo dragons (Lair:1)
  A polar bear (Lair:2)
  7 yaks
  A basilisk (D:9)
  A gnoll sergeant (D:8)
  6 killer bees
  A gnoll (D:8)
  An orc (D:7)
  A kobold (D:9)
31 creatures vanquished.

Vanquished Creatures (others)
  2 orc knights
  2 orc warriors
  2 orc priests
  6 orcs
  8 fungi
  9 plants
  2 withered plants (D:7)
31 creatures vanquished.

Grand Total: 269 creatures vanquished

Notes
Turn   | Place    | Note
-------+----------+-------------------------------------------
     0 | D:1      | makewrite the Hill Orc Monk began the quest for the Orb.
     0 | D:1      | Reached XP level 1. HP: 19/19 MP: 1/1
   123 | D:1      | Found a faded altar of an unknown god.
   255 | D:1      | Reached XP level 2. HP: 27/27 MP: 2/2
   712 | D:1      | Reached skill level 1 in Armour
  1287 | D:1      | Reached XP level 3. HP: 32/33 MP: 3/3
  1705 | D:2      | Reached skill level 5 in Axes
  2860 | D:3      | Reached XP level 4. HP: 37/40 MP: 4/4
  2923 | D:3      | Found a sparkling altar of Nemelex Xobeh.
  3299 | D:4      | Found a staircase to the Ecumenical Temple.
  3327 | D:4      | Noticed an ogre
  3333 | D:4      | Killed an ogre
  3334 | D:4      | Reached skill level 6 in Axes
  3334 | D:4      | Reached XP level 5. HP: 40/47 MP: 5/5
  3413 | D:4      | Noticed a black bear
  3429 | D:4      | Killed a black bear
  3430 | D:4      | Reached skill level 5 in Fighting
  3430 | D:4      | Reached skill level 7 in Axes
  3430 | D:4      | Reached XP level 6. HP: 34/56 MP: 6/6
  4068 | D:4      | Found a sacrificial altar of Ru.
  4318 | D:4      | Found an opulent altar of Gozag.
  4465 | D:4      | Became a worshipper of Beogh the Brigand
  4465 | D:4      | Reached * piety under Beogh
  4465 | D:4      | Reached ** piety under Beogh
  4798 | D:5      | Entered Level 5 of the Dungeon
  4871 | D:5      | Reached XP level 7. HP: 52/61 MP: 7/7
  5440 | D:5      | Reached skill level 8 in Axes
  5480 | D:5      | Found a snail-covered altar of Cheibriados.
  5701 | D:5      | Found an iron altar of Okawaru.
  5707 | D:5      | Reached skill level 9 in Axes
  5707 | D:5      | Reached XP level 8. HP: 61/71 MP: 8/8
  5818 | D:5      | Reached skill level 5 in Armour
  6084 | D:5      | Noticed Ijyb
  6086 | D:5      | Killed Ijyb
  6244 | D:6      | Reached skill level 10 in Axes
  6616 | D:6      | Noticed a hornet
  6620 | D:6      | Killed a hornet
  6621 | D:6      | Reached XP level 9. HP: 79/79 MP: 9/9
  6626 | D:6      | Reached skill level 11 in Axes
  6657 | D:6      | Reached *** piety under Beogh
  7066 | D:6      | Found a large runed translucent door.
  7066 | D:6      | Found a large runed translucent door.
  7078 | D:6      | Noticed lawnmower's ghost (novice HOMo)
  7800 | D:6      | Killed lawnmower's ghost
  8250 | D:6      | Reached skill level 12 in Axes
  8464 | D:7      | Found a broken altar of Ashenzari.
  8476 | D:7      | Found an ancient bone altar of Kikubaaqudgha.
  9709 | D:7      | Found a runed translucent door.
  9709 | D:7      | Noticed NikiYani's ghost (novice DEFE)
  9786 | D:7      | Found a hazy altar of Hepliaklqana.
  9902 | D:7      | Killed NikiYani's ghost
  9903 | D:7      | Reached skill level 13 in Axes
  9903 | D:7      | Reached XP level 10. HP: 83/91 MP: 10/10
  9983 | D:8      | Noticed Psyche
  9992 | D:8      | Killed Psyche
 10038 | D:8      | Found a staircase to the Lair.
 10238 | D:8      | Found an ornate altar of the Wu Jian Council.
 10292 | D:8      | Noticed a gargoyle
 10302 | D:8      | Killed a gargoyle
 10303 | D:8      | Found a basalt altar of Yredelemnul.
 10568 | D:8      | Found a shimmering altar of Xom.
 10569 | D:8      | Found a shimmering altar of Xom.
 10573 | D:8      | Found a shimmering altar of Xom.
 10574 | D:8      | Found a shimmering altar of Xom.
 10574 | D:8      | Found a shimmering altar of Xom.
 10582 | D:8      | Found a shimmering altar of Xom.
 10589 | D:8      | Found a shimmering altar of Xom.
 10599 | D:8      | Reached skill level 14 in Axes
 11268 | D:8      | Found a shimmering blue altar of Sif Muna.
 11531 | Lair:1   | Entered Level 1 of the Lair of Beasts
 11545 | Lair:1   | Noticed a cane toad
 11548 | Lair:1   | Killed a cane toad
 11549 | Lair:1   | Reached skill level 10 in Fighting
 11764 | Lair:1   | Reached XP level 11. HP: 99/101 MP: 11/11
 12019 | Lair:1   | Reached skill level 15 in Axes
 12585 | Lair:1   | Noticed an oklob plant
 12877 | Lair:1   | Noticed an oklob plant
 13039 | Lair:1   | Killed an oklob plant
 13047 | Lair:1   | Killed an oklob plant
 13348 | Lair:1   | Got the Catalogue of the Chickpea
 13657 | Lair:2   | Found the +5 scythe "Finisher" {speed, eviscerate}
 13819 | Lair:2   | You fall into a shaft and drop 2 floors!
 13857 | Lair:4   | Found a staircase to the Snake Pit.
 14565 | Lair:3   | Reached skill level 16 in Axes
 15057 | Lair:2   | Reached skill level 10 in Armour
 15120 | Lair:1   | Reached **** piety under Beogh
 15687 | D:9      | Noticed a soul eater
 15967 | D:9      | Reached XP level 12. HP: 111/111 MP: 12/12
 15969 | D:9      | Identified a scroll of acquirement
 15969 | D:9      | Acquired the +8 mithril axe "Arga" {speed, Will+}
 15970 | D:9      | Found the +8 mithril axe "Arga" {speed, Will+}
 16064 | D:9      | Noticed a fire dragon
 16064 | D:9      | Noticed a seven-headed hydra
 16064 | D:9      | Noticed a boulder beetle
 16089 | D:9      | Killed an eight-headed hydra
 16094 | D:9      | Killed a fire dragon
 16102 | D:9      | Killed a boulder beetle
 16103 | D:9      | Reached skill level 17 in Axes
 16561 | D:9      | Noticed a sun demon
 17160 | D:9      | Noticed a boulder beetle
 17182 | D:9      | Killed a boulder beetle
 17208 | D:9      | Noticed an ice dragon
 17220 | D:9      | Killed an ice dragon
 17245 | D:9      | Hit by a large rock thrown by a cyclops

Illustrated notes

Levels and vault maps discovered:
D:1:      wheals_arrival_shading, layout_basic, ebering_ecumenical_altar_box
D:2:      layout_rooms
D:3:      layout_basic, nemelex_altar_shiori, grunt_decor_arrowhead
D:4:      layout_basic, nicolae_gozag_seed_capital,
          mainiacjoe_overflow_alcove_2, temple_doors_e, portal_sewer_entry_e,
          serial_bayou_pond_b, hangedman_abyss_or_decor_passed,
          kennysheep_nondescript
D:5:      layout_loops_ring, overflow_temple_1_default, slow_altar_1,
          minmay_between, uniq_ijyb
D:6:      layout_loops_ring, ebering_ghost_disaster_area, minmay_manual_moon
D:7:      layout_basic, mainiacjoe_overflow_small_starburst,
          nicolae_overflow_crystal_walls, lemuel_round_altar,
          gammafunk_ghost_grave
D:8:      layout_basic, mainiacjoe_overflow_surrounded_room, xom_redecorated,
          kennysheep_little_box, yredelemnul_altar_generic, lair_entry_dummy,
          uniq_psyche
D:9:      layout_roguey, minivault_28
Lair:1:   layout_regular_city, minmay_lair_oklob_chamber
Lair:2:   layout_regular_city, minmay_swamp_entry_eels,
          maelrawn_ghost_gauntlet_escape, lemuel_fruit_tree
Lair:3:   layout_chaotic_city
Lair:4:   layout_roguey, dummy_snake_entry, infiniplex_staircase_pool

Skill      XL: |  1  2  3  4  5  6  7  8  9 10 11 12 |
---------------+-------------------------------------+-----
Armour         | 1 2 3 4 5 7 8 10 | 10.9
Fighting       | 4 5 6 7 9 10 11 12 | 12.3
Axes           | 5 6 7 9 10 13 14 16 17 | 17.6
Dodging        | |  2.4
Stealth        | |  1.5

Action                   |  1- 3 |  4- 6 |  7- 9 | 10-12 || total
-------------------------+-------+-------+-------+-------++-------
Melee: Hand axe          |   130 |       |       |       ||   130
       War axe           |    15 |    97 |   160 |   321 ||   593
       Flail             |       |       |    82 |       ||    82
       Morningstar       |       |       |       |     4 ||     4
Throw: Dart              |       |     1 |    25 |       ||    26
       Javelin           |       |       |    22 |       ||    22
Invok: Convert to Beogh  |       |     1 |       |       ||     1
Evoke: Wand              |       |       |    11 |    18 ||    29
  Use: Scroll            |     5 |     5 |     7 |     8 ||    25
       Potion            |       |       |     3 |     2 ||     5
 Stab: Sleeping          |     5 |       |       |       ||     5
       Distracted        |       |       |       |     3 ||     3
Armor: Robe              |    28 |       |       |       ||    28
       Ring mail         |     5 |    20 |       |       ||    25
       Scale mail        |       |    20 |   108 |    27 ||   155
       Plate armour      |       |       |       |   141 ||   141
Dodge: Dodged            |   102 |    56 |   132 |   106 ||   396
